 Dungeon Crawl Stone Soup version 0.20-a0-941-gba1b1f9 (webtiles) character file.

149 dvd the Vandal (level 5, 0/26 HPs)
             Began as a Spriggan Hunter on Mar 31, 2017.
             Was an Initiate of Okawaru.
             Slain by an iguana (3 damage)
             ... on level 3 of the Dungeon.
             The game lasted 00:11:42 (3192 turns).

dvd the Vandal (Spriggan Hunter)                    Turns: 3192, Time: 00:11:42

Health: 0/26       AC:  3    Str:  9    XL:     5   Next: 9%
Magic:  6/6        EV: 18    Int: 12    God:    Okawaru [......]
Gold:   193        SH:  0    Dex: 17    Spells: 4/4 levels left

rFire    . . .     SeeInvis +   a - +1 hunting sling
rCold    . . .     Gourm    .   (shield restricted)
rNeg     . . .     Faith    .   c - +0 robe
rPois    .         Spirit   .   (helmet restricted)
rElec    .         Reflect  .   p - +0 cloak
rCorr    .         Harm     .   (gloves unavailable)
MR       .....                  (boots unavailable)
Stlth    ++........             (no amulet)
Regen    0.1/turn               (no ring)
MPRegen  0.1/turn               (no ring)

@: very quick
A: unfitting armour, see invisible, herbivore 3, speed 3, slow metabolism 2
a: Renounce Religion


You were on level 3 of the Dungeon.
You worshipped Okawaru.
Okawaru was noncommittal.
You were not hungry.

You visited 1 branch of the dungeon, and saw 4 of its levels.

You collected 193 gold pieces.

Inventory:

Hand Weapons
 a - a +1 hunting sling (weapon)
 b - a +0 dagger
 i - a +0 short sword
Missiles
 o - a stone (quivered)
Armour
 c - a +0 robe (worn)
 p - a +0 cloak (worn)
Jewellery
 g - an uncursed ring of fire
 y - an uncursed ring of stealth {unknown}
Wands
 q - a wand of flame (31/48)
 x - a wand of confusion (24/48)
Scrolls
 h - 2 scrolls of remove curse {unknown}
 j - a scroll of enchant armour {unknown}
 k - a scroll of fear {unknown}
 l - a scroll of magic mapping {unknown}
 n - 5 scrolls of teleportation {unknown}
 s - a scroll of identify {unknown}
 v - a scroll of amnesia {unknown}
 w - a scroll of random uselessness {unknown}
Potions
 e - a potion of cancellation {unknown}
 m - a potion of resistance {unknown}
 r - a potion of berserk rage {unknown}
 t - a potion of mutation {unknown}
 u - a potion of curing {unknown}
 z - a potion of ambrosia {unknown}
 A - a potion of haste {unknown}
Books
 B - a book of Callings

   Spells                             Type                      Level
   a - Summon Small Mammal            Summoning                    1
   b - Call Imp                       Summoning                    2
   c - Call Canine Familiar           Summoning                    3
   d - Summon Guardian Golem          Hexes/Summoning              3
   e - Summon Lightning Spire         Summoning/Air                4
   f - Summon Ice Beast               Ice/Summoning                4
Comestibles
 f - 2 bread rations


   Skills:
 + Level 2.1 Fighting
 + Level 1.3 Short Blades
 + Level 6.8 Slings
 + Level 3.3 Dodging
 + Level 2.4 Stealth


You had 4 spell levels left.
You didn't know any spells.

Dungeon Overview and Level Annotations

Branches:
Dungeon (4/15)
 Temple: D:4-7

Altars:
Okawaru

Annotations:
D:4 anet's ghost, novice HaWz


Innate Abilities, Weirdness & Mutations

You are very small and have problems with some larger weapons.
You are too small for most types of armour.
You have supernaturally acute eyesight. (SInv)
You are a herbivore.
You cover ground extremely quickly.
You need consume almost no food.


Message History

Aim: an iguana (severely wounded)
You shoot a stone. The stone barely misses the iguana.
Firing (i - inventory):
o - 4 stones (quivered)
Press: ? - help, Shift-Dir - straight line, f/p - iguana
Aim: an iguana (severely wounded)
You shoot a stone. The stone hits the iguana.
The iguana is almost dead.
Firing (i - inventory):
o - 3 stones (quivered)
Press: ? - help, Shift-Dir - straight line, f/p - iguana
Aim: an iguana (almost dead)
You shoot a stone. The stone barely misses the iguana.
The iguana bites you!
* * * LOW HITPOINT WARNING * * *
Firing (i - inventory):
o - 2 stones (quivered)
Press: ? - help, Shift-Dir - straight line, f/p - iguana
Aim: an iguana (almost dead)
You shoot a stone.
The stone hits the iguana but does no damage.
The iguana is almost dead.
The iguana bites you.
You die...

....##########
#..(##.#
##..#.."....#
#..(.#.#
....#.......#
#..(.#.#
.##.#.......#
###...###
.##.#.....[.#
#(......#
....#.......#
#(##.##.#
.####.......#
#(#..##.# ..#
#.......# #l#.###.#
..# ####...##
#@#.###.# ..# ###.#
#...)...# .##
#####.#######.#####
.#####........####.#
.##.....##..†.)†...#
.##.........#.######
### ....).......#.#
######### #..
.#####.).##.#.#
#.......#####.# .)(#
#....#.#.#
#.......##.....


You could see an iguana.

Vanquished Creatures
  Terence (D:3)
  Robin (D:3)
  3 adders
  An adder skeleton (D:4)
  2 worms
  4 dart slugs (D:2)
  A leopard gecko (D:3)
  6 bats
  2 giant cockroaches
  19 goblins
  4 hobgoblins
  6 jackals
  5 kobolds
  A quokka (D:3)
  3 frilled lizards
  A jackal skeleton (D:4)
  7 rats
67 creatures vanquished.

Notes
Turn   | Place    | Note
-------+----------+-------------------------------------------
     0 | D:1      | dvd the Spriggan Hunter began the quest for the Orb.
     0 | D:1      | Reached XP level 1. HP: 10/10 MP: 2/2
   160 | D:1      | Reached skill level 5 in Slings
   445 | D:1      | Reached XP level 2. HP: 12/15 MP: 3/3
   952 | D:2      | Reached XP level 3. HP: 18/18 MP: 4/4
  1393 | D:2      | Reached skill level 6 in Slings
  1969 | D:3      | Noticed Terence
  1975 | D:3      | Killed Terence
  1975 | D:3      | Reached XP level 4. HP: 23/23 MP: 5/5
  2057 | D:3      | Noticed Robin
  2088 | D:3      | Killed Robin
  2435 | D:3      | Found an iron altar of Okawaru.
  2486 | D:3      | Became a worshipper of Warmaster Okawaru
  2930 | D:4      | Reached skill level 1 in Short Blades
  2930 | D:4      | Reached XP level 5. HP: 24/26 MP: 6/6
  3109 | D:4      | Noticed anet's ghost (novice HaWz)
  3192 | D:3      | Slain by an iguana

Vault maps used:
D:1:      minmay_arrival_three_doors, wad_floor_pattern_untrapped
D:2:      grunt_ministairs_14
D:3:      lemuel_round_altar, uniq_robin, uniq_terence
D:4:      minmay_temple_entry_glassed_door, first_bread,
          mrwooster_statue_mirror, trog_hazing_becter, uniq_iyjb

Skill      XL: |  1  2  3  4 |
---------------+-------------+-----
Slings         | 5 6 |  6.8
Stealth        | 2 |  2.4
Fighting       | 2 |  2.1
Short Blades   | 1 |  1.3
Dodging        | |  3.3

Action                   |  1- 3 |  4- 6 || total
-------------------------+-------+-------++-------
Melee: Short sword       |    21 |    55 ||    76
       Dagger            |    32 |    27 ||    59
 Fire: Hunting sling     |    71 |    80 ||   151
 Stab: Sleeping          |     4 |     3 ||     7
Armor: Robe              |     8 |    17 ||    25
Dodge: Dodged            |    43 |    80 ||   123
